 Dungeon Crawl Stone Soup version 0.22-a0-533-g4d20840 (webtiles) character file.

24 iamserjio the Ruffian (level 3, -3/18 HPs)
             Began as a Vine Stalker Gladiator on June 22, 2018.
             Slain by a worm (8 damage)
             ... on level 2 of the Dungeon.
             The game lasted 00:01:26 (163 turns).

iamserjio the Ruffian (Vine Stalker Gladiator)       Turns: 163, Time: 00:01:27

Health: -3/18      AC:  4    Str: 16    XL:     3   Next: 2%
Magic:  0/4        EV: 12    Int:  9    God:
Gold:   0          SH:  0    Dex: 15    Spells: 2/2 levels left

rFire    . . .     SeeInvis .     - Unarmed
rCold    . . .     Gourm    .   (no shield)
rNeg     . . .     Faith    .   a - +0 leather armour
rPois    .         Spirit   +   b - +0 helmet
rElec    .         Reflect  .   (no cloak)
rCorr    .         Harm     .   (no gloves)
MR       .....                  (no boots)
Stlth    +.........             (no amulet)
HPRegen  0.06/turn              (no ring)
MPRegen  0.09/turn              (no ring)

@: no status effects
A: fangs 2, magic shield, antimagic bite, no potion heal 3, rot immunity
a: no special abilities


You were on level 2 of the Dungeon.
You were not hungry.

You visited 1 branch of the dungeon, and saw 2 of its levels.

Inventory:

Missiles
 c - 3 throwing nets (quivered) {!f}
Armour
 a - a +0 leather armour (worn)
 b - a +0 helmet (worn)
Scrolls
 g - 2 scrolls of remove curse {unknown}
Potions
 e - 2 potions of curing {unknown}
 f - 2 potions of flight {unknown}
 h - a potion of heal wounds {unknown}
Comestibles
 d - 2 rations


   Skills:
 + Level 2.2 Fighting
 - Level 1.7 Throwing
 - Level 2.4 Dodging
 * Level 3.8 Unarmed Combat


You had 2 spell levels left.
You didn't know any spells.
Your spell library was empty.

Dungeon Overview and Level Annotations

Branches:
Dungeon (2/15)

Altars:


Innate Abilities, Weirdness & Mutations

You have extremely sharp teeth.
When hurt, damage is shared between your health and your magic reserves.
Your bite disrupts and absorbs the magic of your enemies.
Potions cannot restore your health.
You are immune to rotting.


Message History

You kill the hobgoblin!
You see here a red potion.
h - a red potion The goblin closely misses you.
You hit the goblin.
You kill the goblin!
You have reached level 3!
Your experience leads to an increase in your attributes!
Increase (S)trength, (I)ntelligence, or (D)exterity?
You feel clever. The worm bites you.
* * * LOW HITPOINT WARNING * * *
Things that are here:
a trident; a club; a hobgoblin corpse You hit the worm.
You bite the worm, but do no damage.
The worm is moderately wounded.
You hit the worm.
The worm is moderately wounded.
The worm bites you!
You die...

###### #######
##.....##.....##
##......).......##
#................#
#................#
#................#
#................#
#.......w@.......#
###................#
##.................##
###..#.......##.....##
#.....†.......#...###
##..<(.###..##.#
#.....###...#.......
#.... ###.........#
.... #......#..


You could see a worm.

Vanquished Creatures
  An adder (D:2)
  A leopard gecko (D:1)
  A bat (D:1)
  4 goblins
  A hobgoblin (D:2)
  4 kobolds (D:1)
  A rat (D:2)
13 creatures vanquished.

Notes
Turn   | Place    | Note
-------+----------+-------------------------------------------
     0 | D:1      | iamserjio the Vine Stalker Gladiator began the quest for the Orb.
     0 | D:1      | Reached XP level 1. HP: 11/11 MP: 2/2
    66 | D:1      | Reached XP level 2. HP: 10/15 MP: 1/3
   159 | D:2      | Reached XP level 3. HP: 7/18 MP: 2/4
   163 | D:2      | Slain by a worm

Vault maps used:
D:1:      co_arrival_hexagon_in_a_hexagon, fountainhead

Skill      XL: |  1 |
---------------+----+-----
Fighting       | 2 |  2.2
Throwing       | |  1.7
Dodging        | |  2.4
Unarmed Combat | |  3.8

Action                   || total
-------------------------++-------
Melee: Unarmed           ||    37
       Bite              ||     7
 Stab: Sleeping          ||     1
Armor: Leather armour    ||    13
Dodge: Dodged            ||    21

Table legend:
 A = Spawn XP
 B = Non-spawn XP
 C = Spawn XP percentage of total XP
 D = Spawn monster count
 E = Non-spawn monster count
 F = Spawn count percentage of total count
 G = Total turns spent on level
                    A         B        C        D         E        F      G
               +---------+---------+-------+---------+---------+-------+---------
         Total |       0 |      35 |   0.0 |       0 |      13 |   0.0 |   163
               +---------+---------+-------+---------+---------+-------+---------
           D:1 |       0 |      16 |   0.0 |       0 |       9 |   0.0 |   135
           D:2 |       0 |      19 |   0.0 |       0 |       4 |   0.0 |    28
               +---------+---------+-------+---------+---------+-------+---------
